 Dungeon Crawl Stone Soup version 0.29.1-1-gd02db6906a (webtiles) character file.

Game seed: 6893536364605296326

39 MisterFreud the Conjurer (level 3, -6/21 HPs)
             Began as an Octopode Conjurer on Sept 24, 2022.
             Mangled by Sigmund
             ... wielding a +0 scythe
              (9 damage)
             ... on level 2 of the Dungeon.
             The game lasted 00:01:50 (1646 turns).

MisterFreud the Conjurer (Octopode Conjurer)        Turns: 1646, Time: 00:01:51

Health: -6/21      AC:  1    Str:  6    XL:     3   Next: 45%
Magic:  5/6        EV: 13    Int: 22    God:
Gold:   56         SH:  0    Dex: 10    Spells: 5/6 levels left

rFire   . . .      SeeInvis .   (no weapon)
rCold   . . .      Faith    .   (no shield)
rNeg    . . .      Spirit   .   (helmet restricted)
rPois   .          Reflect  .   (no amulet)
rElec   .          Harm     .   (no ring)
rCorr   .          Rampage  .   (no ring)
Will    .....                   (no ring)
Stlth   ++........              (no ring)
HPRegen 0.07/turn               (no ring)
MPRegen 0.10/turn               (no ring)
                                (no ring)
                                (no ring)

@: confused
A: almost no armour, amphibious, 8 rings, camouflage 1, gelatinous body 1,
(nimble swimmer 1), tentacles
a: no special abilities


You were on level 2 of the Dungeon.
You visited 1 branch of the dungeon, and saw 2 of its levels.

You collected 56 gold pieces.

Inventory:

Missiles
 c - 6 curare-tipped darts
Scrolls
 b - 2 scrolls of enchant weapon {unknown}
 e - a scroll of teleportation {unknown}
 h - 2 scrolls of blinking {unknown}
 i - a scroll of amnesia {unknown}
Potions
 a - 3 potions of magic
 d - a potion of invisibility {unknown}
 f - a potion of lignification {unknown}
 g - a potion of ambrosia {unknown}
 j - a potion of curing {unknown}


   Skills:
 - Level 2.0 Dodging
 - Level 2.8 Stealth
 - Level 2.0 Spellcasting
 + Level 5.1 Conjurations


You had 5 spell levels left.
You knew the following spells:

 Your Spells              Type           Power      Damage    Failure   Level
a - Magic Dart            Conj           96%        1d7       1%          1

Your spell library contained the following spells:

 Spells                   Type           Power      Damage    Failure   Level
 Searing Ray              Conj           48%        2d6       2%          2
 Static Discharge         Conj/Air       13%        3-5/arc   8%          2
 Dazzling Flash           Conj/Hex       26%        N/A       14%         3
 Fulminant Prism          Conj/Hex       6%         3d7       43%         4
 Iskenderun's Mystic Bla  Conj/Tloc      13%        2d5       43%         4
 Sticky Flame             Conj/Fire      13%        2d4       43%         4
 Dispel Undead            Necr           2%         3d7       80%         4


Dungeon Overview and Level Annotations

Branches:
Dungeon (2/15)

Altars:

Shops:
D:1 (

Annotations:
D:2 Sigmund


Innate Abilities, Weirdness & Mutations

You cannot wear most types of armour.
You are amphibious.
You can wear up to eight rings at the same time.
Your skin changes colour to match your surroundings (Stealth+).
Your rubbery body absorbs attacks. (AC +1, EV +1)
((You are camouflaged when in or above water. (Stealth+)))
You have tentacles for arms and can constrict up to eight enemies at once.


Message History

You start resting.
Your magical contamination has completely faded away.
You start resting.
A rat comes into view.
A rat is nearby!
The magic dart hits the rat.
You kill the rat!
You start resting.
Magic restored.
i - a scroll labelled POEDIN FAINEMM
j - a purple potion You open the door.
There is an open door here.
Sigmund the Dreaded comes into view.
He is wielding a +0 scythe.
Sigmund is nearby!
The magic dart hits Sigmund but does no damage.
Sigmund shouts!
Sigmund gestures at you while chanting. The magic dart hits you.
The magic dart hits Sigmund.
Sigmund is lightly wounded.
You can't see any susceptible monsters within range! (Use Z to cast anyway.)
You can't see any susceptible monsters within range! (Use Z to cast anyway.)
You can't see any susceptible monsters within range! (Use Z to cast anyway.) Sigmund casts a spell at you.
The puff of flame hits you!
Sigmund points at you and mumbles some strange words.
You are confused.
You're too confused to move!
Sigmund gestures at you while chanting.
You are more confused.
You bump into the rock wall.
You bump into the rock wall.
You bump into the rock wall.
Sigmund hits you from afar with a +0 scythe.
* * * LOW HITPOINT WARNING * * *
You bump into the rock wall.
Sigmund barely misses you.
You bump into the rock wall.
Sigmund hits you with a +0 scythe!
You die...

.... ...... ..#
.......... #.#
..... ....# #.#
....# #...# #.#
....###...# #.#
..........# #.#
..........######@#
..............##@#
..<†..........'..#
..............####
..............#
######........#
#........#
##...##### #...#
#...#


You could see Sigmund.

Vanquished Creatures
  An adder (D:2)
  A dart slug (D:1)
  3 ball pythons (D:1)
  3 endoplasms (D:1)
  A giant cockroach (D:1)
  2 goblins (D:1)
  2 hobgoblins (D:1)
  2 quokkas (D:1)
  4 bats (D:1)
  4 frilled lizards (D:1)
  A kobold (D:1)
  5 rats
29 creatures vanquished.

Notes
Turn   | Place    | Note
-------+----------+-------------------------------------------
     0 | D:1      | MisterFreud the Octopode Conjurer began the quest for the
                  | Orb.
     0 | D:1      | Reached XP level 1. HP: 11/11 MP: 3/3
   312 | D:1      | Reached XP level 2. HP: 17/17 MP: 0/5
   496 | D:1      | Found a faded altar of an unknown god.
  1146 | D:1      | Reached XP level 3. HP: 21/21 MP: 2/6
  1329 | D:1      | Found Madek's Antique Weapon Shop.
  1543 | D:2      | Reached skill level 5 in Conjurations
  1629 | D:2      | Noticed Sigmund
  1646 | D:2      | Mangled by Sigmund

Illustrated notes

Levels and vault maps discovered:
D:1:      dpeg_arrival_ternary, layout_basic, serial_shops,
          nicolae_shop_behind_doors, basic_ecumenical_altar, serial_bayou,
          serial_bayou_ford_a, serial_bayou_lagoon_b, serial_bayou_lake_a,
          serial_bayou_crossing
D:2:      layout_basic, serial_shops, nicolae_shop_bloodbath_and_beyond,
          serial_bayou_pond_e, chequers_serial_rivers_small_b,
          serial_park_tiny_2, uniq_sigmund

Skill      XL: |  1  2  3 |
---------------+----------+-----
Conjurations   | 5 |  5.1
Dodging        | |  2.0
Stealth        | |  2.8
Spellcasting   | |  2.0

Action                   || total
-------------------------++-------
Melee: Unarmed           ||     8
       Tentacles         ||     1
       Punch             ||     1
 Cast: Magic Dart        ||    56
Dodge: Dodged            ||     5
